Map: Old Republic LE

Players

HoldTheDoor - Winner!

  • Race: Protoss Protoss
  • League: Diamond
  • Spawn Location: 7:00

kossak

  • Race: Zerg Zerg
  • League: Diamond
  • Spawn Location: 1:00

VOD

Have the link to the VOD?

Description

Time

  • Played on: May 25, 2026, 12:36 p.m.
  • Length: 9:19
Show
View Real Time Build Order
Export as new Build Order

HoldTheDoor Protoss - Winner!

Build Orders:  

Get SALT Encoding   

  12  0:00  Probe  
  13  0:12  Probe  
  14  0:19  Pylon  
  14  0:24  Probe  
  15  0:33  Probe  
  15  0:41  Gateway, Probe  
  17  0:51  Assimilator  
  17  0:52  Probe  
  19  1:04  Probe  
  19  1:16  Probe  
  20  1:28  Zealot  
  20  1:31  Cybernetics Core  
  22  1:40  Pylon  
  22  1:48  Probe  
  23  2:00  Probe  
  24  2:16  Gateway  
  24  2:20  Nexus  
  24  2:22  Probe  
  25  2:27  Assimilator  
  25  2:33  Shield Battery  
  25  2:36  Probe  
  26  2:41  Warp Gate  
  26  2:56  Stalker  
  26  3:01  Probe  
  29  3:13  Probe  
  29  3:14  Gateway  
  29  3:16  Gateway  
  30  3:20  Pylon  
  30  3:25  Probe  
  31  3:28  Robotics Facility  
  31  3:36  Probe  
  31  3:37  Probe  
  33  3:46  Pylon  
  33  3:48  Probe  
  34  3:49  Probe  
  37  4:00  Probe  
  37  4:01  Probe  
  37  4:06  Warp Prism  
  37  4:12  Probe  
  37  4:13  Probe  
  41  4:18  Gateway  
  41  4:21  Gateway  
  41  4:24  Probe  
  41  4:25  Probe  
  41  4:30  Gateway  
  43  4:33  Gateway  
  43  4:38  Stalker  
  43  4:43  Stalker  
  47  4:55  Pylon  
  47  4:58  Pylon  
  47  5:08  Stalker x3  
  47  5:09  Stalker  
  55  5:14  Pylon  
  55  5:17  Pylon  
  55  5:27  Zealot  
  55  5:28  Zealot x2  
  59  5:41  Stalker  
  59  5:42  Stalker x3  
  65  6:02  Stalker x3  
  65  6:03  Stalker  
  73  6:10  Zealot x2  
  73  6:11  Zealot x2  
  81  6:25  Stalker x2  
  81  6:26  Stalker  
  85  6:40  Zealot x4  
Show
View Real Time Build Order
Export as new Build Order

kossak Zerg 

Build Orders: Hatch First 

Get SALT Encoding   

  12  0:00  Drone  
  13  0:08  Drone  
  14  0:14  Extractor  
  14  0:15  Drone  
  15  0:22  Overlord  
  15  0:40  Drone x2  
  17  0:44  Drone  
  18  0:57  Hatchery  
  17  1:10  Spawning Pool  
  16  1:16  Drone x2  
  16  1:18  Drone  
  19  1:38  Hatchery  
  18  1:54  Overlord  
  18  1:57  Queen  
  21  2:13  Extractor  
  21  2:14  Drone x3  
  21  2:15  Extractor  
  22  2:28  Drone  
  23  2:35  Hatchery  
  22  2:43  Queen  
  24  2:46  Drone  
  24  2:47  Roach Warren  
  24  2:58  Queen  
  24  3:01  Drone  
  27  3:09  Metabolic Boost  
  27  3:13  Drone  
  27  3:16  Drone  
  29  3:25  Zergling x4  
  31  3:29  Drone  
  31  3:31  Drone  
  33  3:36  Drone  
  34  3:42  Drone  
  34  3:46  Lair  
  35  3:50  Drone  
  36  3:56  Drone  
  36  4:02  Overlord  
  37  4:04  Drone x2  
  37  4:07  Overlord  
  39  4:14  Drone  
  39  4:15  Drone  
  41  4:32  Roach x3  
  47  4:40  Drone x9  
  47  4:43  Extractor  
  55  4:46  Extractor  
  55  4:48  Glial Reconstitution  
  54  4:53  Overseer  
  54  4:59  Spire, Drone  
  54  5:03  Spore Crawler  
  54  5:05  Spore Crawler  
  52  5:07  Spore Crawler  
  51  5:15  Queen  
  51  5:16  Overlord  
  51  5:20  Drone  
  51  5:21  Drone x2  
  56  5:25  Zergling x4  
  58  5:34  Roach x2  
  58  5:35  Roach x2  
  62  5:37  Roach  
  63  5:49  Overlord  
  56  5:54  Roach  
  56  5:55  Overlord x2  
  56  5:56  Overlord x2  
  52  6:04  Overlord x2  
  52  6:16  Roach x4  
  52  6:18  Zergling x4  
  60  6:25  Roach x2  
  64  6:26  Roach  
  64  6:32  Roach x2  
  70  6:33  Zergling x2  
Tags
 
Matchup
PvZ
Replay Pack
SC2Mai2026
Spawn Locations
Cross Positions
Add a new tag
Caveats
  • Supply blocks, unpowered buildings, or Contaminate may cause inaccurate times.
  • Supply counts are checked every 10 seconds.